AoeStats
← Infadel

Golden Pit

508070779Analyzed
1v1 RM · 13d ago on Sep 20, 2026· 29m 20s· 2 players
Game mode
Random Map
Map size
Tiny (2 player)
Population
200
Speed
Normal
Resources
Standard
Victory
Conquest
Starting age
Dark Age
Ending age
Imperial Age
RankedLock teamsTeams togetherTeam positionsShared explorationLock speedFull tech treeHidden civsTurbo modeCheats
Victory
Defeat
🇮🇳 Slavs · India
1082
+14
🇺🇸 Turks · United States
1041
-14
J Cream
11:56 Feudal Age
13:05 Loom
24:50 Castle Age
24:31 Double-Bit Axe
25:32 Crossbowman
Infadel
4:54 Loom
6:53 Loom
9:41 Feudal Age
10:18 Double-Bit Axe
11:36 Man-at-Arms
20:53 Horse Collar
21:05 Gold Mining
23:22 Castle Age
22:29 Bloodlines
24:08 Forging
24:03 Scale Barding Armor
24:46 Scale Barding Armor
24:51 Light Cavalry
26:10 Bow Saw
28:02 Fletching
28:21 Heavy Plow
Connection lost

Rejoining the realm…

Still unreachable

The connection could not be restored.

Session expired

The server has moved on; the page needs a fresh start.